SR
NEWCASTLE MERMEN @ MOOSE JAW CANUCKS
05/13/2032
 
TOP OF THE 1ST
Newcastle Mermen batting - Pitching for Moose Jaw Canucks : RHP António Rodríguez
Pitching: RHP António Rodríguez
Batting: RHB Seung-hwan Pak 0-0: Ball
1-0: Swinging Strike
1-1: Swinging Strike
1-2: Foul Ball, location: 2F
1-2: Strikes out swinging
Batting: SHB Lai-hsiang Loh 0-0: Foul Ball, location: 2F
0-1: Ground out 4-3 (Groundball, 34D)
Batting: RHB Mitsuhide Bando 0-0: Called Strike
0-1: Foul Ball, location: 2F
0-2: Strikes out swinging
Top of the 1st over - 0 runs, 0 hits, 0 errors, 0 left on base; Newcastle 0 - Moose Jaw 0
BOTTOM OF THE 1ST
Moose Jaw Canucks batting - Pitching for Newcastle Mermen : RHP Valentin Calhamar
Pitching: RHP Valentin Calhamar
Batting: LHB Ramón Padilla 0-0: Called Strike
0-1: Ball
1-1: Ball
2-1: Called Strike
2-2: Ground out U3 (Groundball, 3)
Batting: RHB Michael Hughes 0-0: Ball
1-0: Ball
2-0: Ball
3-0: Base on Balls
Batting: SHB Ricardo Serna 0-0: Called Strike
0-1: Ball
1-1: SINGLE (Line Drive, 8LS)
Michael Hughes to second
Batting: RHB José Ayala 0-0: Ball
1-0: SINGLE (Flyball, 78S)
Michael Hughes to third
Ricardo Serna to second
Runner from 3rd tries for Home, SAFE, no throw
Batting: RHB Qi-chao Di 0-0: Called Strike
0-1: Called Strike
0-2: Ball
1-2: Ball
2-2: Foul Ball, location: 2F
2-2: SINGLE (Groundball, 56D)
Ricardo Serna to third
José Ayala to second
Batting: RHB Du-yang Zhu 0-0: Ball
1-0: SINGLE (Line Drive, 9S)
Ricardo Serna scores
José Ayala to third
Qi-chao Di to second
Runner from 3rd tries for Home, SAFE, no throw
Batting: RHB Yaakov Shmerkin 0-0: Swinging Strike
0-1: Swinging Strike
0-2: Strikes out swinging
Batting: RHB António Valentín 0-0: Ball
1-0: Fly out, F6 (Line Drive, 6)
Bottom of the 1st over - 3 runs, 4 hits, 0 errors, 2 left on base; Newcastle 0 - Moose Jaw 3
TOP OF THE 2ND
Newcastle Mermen batting - Pitching for Moose Jaw Canucks : RHP António Rodríguez
Batting: SHB Gerrie Bond 0-0: Ball
1-0: Ball
2-0: Ball
3-0: Called Strike
3-1: Called Strike
3-2: Fly out, F8 (Flyball, 78M)
Batting: RHB Roberto Díaz 0-0: Foul Ball, location: 2F
0-1: Called Strike
0-2: Ball
1-2: Foul Ball, location: 2F
1-2: Foul Ball, location: 2F
1-2: Ground out 2-3 (Groundball, 2R)
Batting: SHB Bren Spillane 0-0: Ball
1-0: SINGLE (Line Drive, 34)
Batting: SHB José García 0-0: Fly out, F5 (Line Drive, 56)
Top of the 2nd over - 0 runs, 1 hit, 0 errors, 1 left on base; Newcastle 0 - Moose Jaw 3
BOTTOM OF THE 2ND
Moose Jaw Canucks batting - Pitching for Newcastle Mermen : RHP Valentin Calhamar
Batting: RHB Bernardo Rodríguez 0-0: Ball
1-0: Ball
2-0: Ball
3-0: SINGLE (Line Drive, 5)
Batting: LHB Ramón Padilla 0-0: Called Strike
0-1: Fly out, F3 (Popup, 34S)
Batting: RHB Michael Hughes 0-0: Ball
1-0: Ball
2-0: Ball
3-0: Called Strike
3-1: SINGLE (Groundball, 56S) (infield hit)
Bernardo Rodríguez to second
Batting: SHB Ricardo Serna 0-0: Ball
1-0: Grounds into double play, 4-6-3 (Groundball, 4M)
Bottom of the 2nd over - 0 runs, 2 hits, 0 errors, 1 left on base; Newcastle 0 - Moose Jaw 3
TOP OF THE 3RD
Newcastle Mermen batting - Pitching for Moose Jaw Canucks : RHP António Rodríguez
Batting: RHB Ricardo Mireles 0-0: Ball
1-0: Called Strike
1-1: Foul Ball, location: 2F
1-2: Ball
2-2: SINGLE (Groundball, 56D)
Batting: LHB Jorge Castillo 0-0: Called Strike
Ricardo Mireles steals 2nd base
0-1: Ball
1-1: Ball
2-1: Ground out 6-3 (Groundball, 6)
Batting: RHB Seung-hwan Pak 0-0: Ball
1-0: Ball
2-0: Ball
3-0: Base on Balls
Batting: SHB Lai-hsiang Loh 0-0: SINGLE (Groundball, 4MD)
Ricardo Mireles to third
Seung-hwan Pak to second
Batting: RHB Mitsuhide Bando 0-0: Called Strike
0-1: Foul Ball, location: 2F
0-2: Ball
1-2: Fly out, F8 (Flyball, 8LM)
Runner from 3rd tags up, SCORES, throw made
Batting: SHB Gerrie Bond 0-0: Ball
1-0: Ball
2-0: Ball
3-0: Base on Balls
Seung-hwan Pak to third
Lai-hsiang Loh to second
Batting: RHB Roberto Díaz 0-0: Called Strike
0-1: Ball
1-1: Fielders Choice at 2nd, 6-4 (Groundball, 6)
Top of the 3rd over - 1 run, 2 hits, 0 errors, 3 left on base; Newcastle 1 - Moose Jaw 3
BOTTOM OF THE 3RD
Moose Jaw Canucks batting - Pitching for Newcastle Mermen : RHP Valentin Calhamar
Batting: RHB José Ayala 0-0: DOUBLE (Line Drive, 7LS)
Batting: RHB Qi-chao Di 0-0: Ball
1-0: Ball
2-0: Called Strike
2-1: Foul Ball, location: 2F
2-2: Ball
3-2: Ground out 5-3 (Groundball, 56)
Batting: RHB Du-yang Zhu 0-0: Ball
1-0: Foul Ball, location: 2F
1-1: Ball
2-1: Fly out, F4 (Popup, 34)
Batting: RHB Yaakov Shmerkin 0-0: Ball
1-0: Ball
2-0: Ground out 3-1 (Groundball, 34S)
Bottom of the 3rd over - 0 runs, 1 hit, 0 errors, 1 left on base; Newcastle 1 - Moose Jaw 3
TOP OF THE 4TH
Newcastle Mermen batting - Pitching for Moose Jaw Canucks : RHP António Rodríguez
Batting: SHB Bren Spillane 0-0: Ball
1-0: Called Strike
1-1: Ball
2-1: Foul Ball, location: 2F
2-2: SINGLE (Groundball, 34D)
Batting: SHB José García 0-0: Ball
1-0: Called Strike
1-1: Foul Ball, location: 2F
1-2: SINGLE (Flyball, 8LS)
Bren Spillane to second
Batting: RHB Ricardo Mireles 0-0: Called Strike
0-1: Called Strike
0-2: Ball
1-2: Foul Ball, location: 2F
1-2: Foul Ball, location: 2F
1-2: Ball
2-2: Ball
3-2: Fly out, F8 (Flyball, 8LM)
Pitching: RHP António Jiménez
Batting: LHB Jorge Castillo 0-0: Ball
1-0: Ball
2-0: Foul Ball, location: 2F
2-1: Ball
3-1: SINGLE (Line Drive, 56D)
Bren Spillane to third
José García to second
Batting: RHB Seung-hwan Pak 0-0: Ball
1-0: Ball
Wild Pitch!
Bren Spillane scores
José García to third
Jorge Castillo to second
2-0: Ball
3-0: Called Strike
3-1: SINGLE (Flyball, 8RS) - OUT at second base trying to stretch hit.
José García scores
Jorge Castillo scores
Batting: SHB Lai-hsiang Loh 0-0: Foul Ball, location: 2F
0-1: Called Strike
0-2: SINGLE (Groundball, 56S) (infield hit)
Batting: RHB Mitsuhide Bando 0-0: Ball
Lai-hsiang Loh steals 2nd base
1-0: Called Strike
1-1: Fly out, F3 (Popup, 34S)
Top of the 4th over - 3 runs, 5 hits, 0 errors, 1 left on base; Newcastle 4 - Moose Jaw 3
BOTTOM OF THE 4TH
Moose Jaw Canucks batting - Pitching for Newcastle Mermen : RHP Valentin Calhamar
Batting: RHB António Valentín 0-0: Reached on error, E2 (Groundball, 2R)
Batting: RHB Bernardo Rodríguez 0-0: Fly out, F9 (Line Drive, 9LM)
Batting: LHB Ramón Padilla 0-0: Ball
1-0: Ball
2-0: Called Strike
2-1: Foul Ball, location: 2F
2-2: Foul Ball, location: 2F
2-2: Ball
3-2: SINGLE (Line Drive, 7)
António Valentín to second
Batting: RHB Michael Hughes 0-0: Grounds into double play, 6-4-3 (Groundball, 6M)
Bottom of the 4th over - 0 runs, 1 hit, 1 error, 1 left on base; Newcastle 4 - Moose Jaw 3
TOP OF THE 5TH
Newcastle Mermen batting - Pitching for Moose Jaw Canucks : RHP António Jiménez
Batting: SHB Gerrie Bond 0-0: Called Strike
0-1: Fly out, F7 (Flyball, 7D)
Batting: RHB Roberto Díaz 0-0: Reached on error, E5 (Groundball, 5)
Batting: SHB Bren Spillane 0-0: SINGLE (Line Drive, 4M)
Roberto Díaz to second
Runner from 2nd tries for 3rd, SAFE, no throw
Batting: SHB José García 0-0: Ball
1-0: Called Strike
1-1: Ball
Bren Spillane is caught stealing 2nd base
2-1: Swinging Strike
2-2: Ball
3-2: Strikes out swinging
Top of the 5th over - 0 runs, 1 hit, 1 error, 1 left on base; Newcastle 4 - Moose Jaw 3
BOTTOM OF THE 5TH
Moose Jaw Canucks batting - Pitching for Newcastle Mermen : RHP Valentin Calhamar
Batting: SHB Ricardo Serna 0-0: Fly out, F7 (Flyball, 78D)
Batting: RHB José Ayala 0-0: Called Strike
0-1: Foul Ball, location: 2F
0-2: Foul Ball, location: 2F
0-2: SINGLE (Line Drive, 7S)
Batting: RHB Qi-chao Di 0-0: Foul Ball, location: 2F
0-1: Ball
José Ayala steals 2nd base
1-1: Ball
2-1: Ball
3-1: Base on Balls
Batting: RHB Du-yang Zhu 0-0: SINGLE (Groundball, 56D)
José Ayala to third
Qi-chao Di to second
Runner from 3rd tries for Home, SAFE, throw made home
Batting: RHB Yaakov Shmerkin 0-0: Foul Ball, location: 2F
0-1: Ball
1-1: Fly out, F7 (Flyball, 7)
Batting: RHB António Valentín 0-0: Fielders Choice at 2nd, 6-4 (Groundball, 6)
Bottom of the 5th over - 1 run, 2 hits, 0 errors, 2 left on base; Newcastle 4 - Moose Jaw 4
TOP OF THE 6TH
Newcastle Mermen batting - Pitching for Moose Jaw Canucks : RHP António Jiménez
Batting: RHB Ricardo Mireles 0-0: Ball
1-0: SINGLE (Groundball, 6MS) (infield hit)
Batting: LHB Jorge Castillo 0-0: Ball
Ricardo Mireles steals 2nd base
1-0: Intentional Walk
Batting: RHB Seung-hwan Pak 0-0: Ball
1-0: Ball
2-0: Ball
3-0: Swinging Strike
3-1: Foul Ball, location: 2F
3-2: Foul Ball, location: 2F
3-2: Grounds into double play, 5-4-3 (Groundball, 56)
Ricardo Mireles to third
Batting: SHB Lai-hsiang Loh 0-0: Ball
1-0: Swinging Strike
1-1: Called Strike
1-2: Foul Ball, location: 2F
1-2: Strikes out swinging
Top of the 6th over - 0 runs, 1 hit, 0 errors, 1 left on base; Newcastle 4 - Moose Jaw 4
BOTTOM OF THE 6TH
Moose Jaw Canucks batting - Pitching for Newcastle Mermen : RHP Valentin Calhamar
Batting: RHB Bernardo Rodríguez 0-0: Swinging Strike
0-1: Called Strike
0-2: Ball
1-2: Ball
2-2: Strikes out looking
Batting: LHB Ramón Padilla 0-0: Swinging Strike
0-1: Ball
1-1: Ball
2-1: Called Strike
2-2: Strikes out swinging
Batting: RHB Michael Hughes 0-0: Ball
1-0: Foul Ball, location: 2F
1-1: Called Strike
1-2: Foul Ball, location: 2F
1-2: Foul Ball, location: 2F
1-2: Foul Ball, location: 2F
1-2: Ball
2-2: SINGLE (Groundball, 6MD)
Batting: SHB Ricardo Serna 0-0: Foul Ball, location: 2F
0-1: Foul Ball, location: 2F
0-2: Strikes out swinging
Bottom of the 6th over - 0 runs, 1 hit, 0 errors, 1 left on base; Newcastle 4 - Moose Jaw 4
TOP OF THE 7TH
Newcastle Mermen batting - Pitching for Moose Jaw Canucks : RHP António Jiménez
Batting: RHB Mitsuhide Bando 0-0: Called Strike
0-1: Ball
1-1: Ground out 5-3 (Groundball, 56)
Batting: SHB Gerrie Bond 0-0: Ball
1-0: SINGLE (Flyball, 9LS)
Pinch Hitting: SHB Paul Graves 0-0: Fielders Choice at 2nd, 4-6 (Groundball, 4)
Batting: SHB Bren Spillane 0-0: Called Strike
0-1: Ball
1-1: Called Strike
1-2: Ball
2-2: Foul Ball, location: 2F
2-2: Ball
3-2: Foul Ball, location: 2F
3-2: Base on Balls
Paul Graves to second
Pinch Runner at 2nd Carlos Guzmán:
Batting: SHB José García 0-0: Ball
1-0: Called Strike
1-1: Ground out 3-1 (Groundball, 34S)
Top of the 7th over - 0 runs, 1 hit, 0 errors, 2 left on base; Newcastle 4 - Moose Jaw 4
BOTTOM OF THE 7TH
Moose Jaw Canucks batting - Pitching for Newcastle Mermen : RHP Valentin Calhamar
Now in LF: Carlos Guzmán
Batting: RHB José Ayala 0-0: Ball
1-0: Ball
2-0: Called Strike
2-1: Swinging Strike
2-2: Foul Ball, location: 2F
2-2: Ball
3-2: Foul Ball, location: 2F
3-2: Foul Ball, location: 2F
3-2: Foul Ball, location: 2F
3-2: Base on Balls
Pitching: RHP Eduardo López
Batting: RHB Qi-chao Di 0-0: DOUBLE (Line Drive, 89XD)
José Ayala to third
Batting: RHB Du-yang Zhu 0-0: Intentional Walk
Pinch Hitting: RHB An-te-hai Qing 0-0: Swinging Strike
0-1: Fly out, F8 (Flyball, 89D)
Runner from 3rd tags up, SCORES, throw made
Batting: RHB António Valentín 0-0: Foul Ball, location: 2F
0-1: Ball
1-1: SINGLE (Groundball, 6MD)
Qi-chao Di to third
Du-yang Zhu to second
Batting: RHB Bernardo Rodríguez 0-0: Swinging Strike
0-1: Ball
1-1: Ball
2-1: Fly out, F5 (Popup, 56S)
Batting: LHB Ramón Padilla 0-0: Ball
1-0: Ball
2-0: Ball
3-0: Called Strike
3-1: Foul Ball, location: 2F
3-2: Base on Balls
Qi-chao Di scores
Du-yang Zhu to third
António Valentín to second
Batting: RHB Michael Hughes 0-0: Ball
1-0: Foul Ball, location: 2F
1-1: Swinging Strike
1-2: Fly out, F7 (Flyball, 7S)
Bottom of the 7th over - 2 runs, 2 hits, 0 errors, 3 left on base; Newcastle 4 - Moose Jaw 6
TOP OF THE 8TH
Newcastle Mermen batting - Pitching for Moose Jaw Canucks : RHP António Jiménez
Now in LF: Peer Kattenberg
Batting: RHB Ricardo Mireles 0-0: Ball
1-0: SINGLE (Flyball, 7LS)
Pitching: RHP Cheung Wuying
Batting: LHB Jorge Castillo 0-0: Ball
1-0: Fly out, F9 (Flyball, 9S)
Batting: RHB Seung-hwan Pak 0-0: Foul Ball, location: 2F
0-1: Ground out 6-3 (Groundball, 6D)
Ricardo Mireles to second
Batting: SHB Lai-hsiang Loh 0-0: Ball
1-0: Called Strike
1-1: Foul Ball, location: 2F
1-2: Ball
2-2: Strikes out swinging
Top of the 8th over - 0 runs, 1 hit, 0 errors, 1 left on base; Newcastle 4 - Moose Jaw 6
BOTTOM OF THE 8TH
Moose Jaw Canucks batting - Pitching for Newcastle Mermen : RHP Eduardo López
Batting: SHB Ricardo Serna 0-0: Called Strike
0-1: Ball
1-1: Ball
2-1: Swinging Strike
2-2: Strikes out swinging
Batting: RHB José Ayala 0-0: Ball
1-0: Called Strike
1-1: SOLO HOME RUN (Flyball, 7D), Distance : 370 ft
Batting: RHB Qi-chao Di 0-0: Ball
1-0: Ball
2-0: Ball
3-0: Foul Ball, location: 2F
3-1: Called Strike
3-2: Base on Balls
Pitching: RHP Alfredo Zamora
Batting: RHB Du-yang Zhu 0-0: Ball
1-0: Swinging Strike
1-1: Foul Ball, location: 2F
1-2: DOUBLE (Flyball, 89D)
Qi-chao Di to third
Runner from 3rd tries for Home, SAFE, no throw
Batting: RHB Peer Kattenberg 0-0: Foul Ball, location: 2F
0-1: Ball
1-1: Ball
2-1: Ground out 6-3 (Groundball, 6)
Batting: RHB António Valentín 0-0: Ball
1-0: Ground out 6-3 (Groundball, 6)
Bottom of the 8th over - 2 runs, 2 hits, 0 errors, 1 left on base; Newcastle 4 - Moose Jaw 8
TOP OF THE 9TH
Newcastle Mermen batting - Pitching for Moose Jaw Canucks : RHP Cheung Wuying
Pitching: RHP Nino Ghannam
Batting: RHB Mitsuhide Bando 0-0: Called Strike
0-1: Ball
1-1: Ball
2-1: Foul Ball, location: 2F
2-2: Strikes out looking
Batting: SHB Gerrie Bond 0-0: Called Strike
0-1: Swinging Strike
0-2: Strikes out swinging
Batting: LHB Carlos Guzmán 0-0: Swinging Strike
0-1: Foul Ball, location: 2F
0-2: Strikes out looking
Top of the 9th over - 0 runs, 0 hits, 0 errors, 0 left on base; Newcastle 4 - Moose Jaw 8
Wednesday, September 19th, 2018 - OOTP Baseball 18.8 Build 76